 Dungeon Crawl Stone Soup version 0.16.2-12-gd0ad4c3 (webtiles) character file.

1923 faibistes the Thaumaturge (level 8, -4/47 HPs)
             Began as a Deep Elf Wizard on May 29, 2018.
             Was a Follower of Sif Muna.
             Slain by an ogre
             ... wielding a +0 giant club
              (28 damage)
             ... on level 6 of the Dungeon.
             The game lasted 00:19:39 (7449 turns).

faibistes the Thaumaturge (Deep Elf Wizard)         Turns: 7449, Time: 00:19:39

Health: -4/47      AC:  3    Str:  4    XL:     8   Next: 96%
Magic:  36/46      EV: 15    Int: 26    God:    Sif Muna [*.....]
Gold:   144        SH:  0    Dex: 13    Spells: 6 memorised, 12 levels left

rFire  . . .     SeeInvis .     w - +0 dagger (venom)
rCold  . . .     Clarity  .     a - +0 robe
rNeg   . . .     SustAb   .     (no shield)
rPois  .         Gourm    .     b - +1 hat
rElec  .         Spirit   .     (no cloak)
rCorr  .         Warding  .     (no gloves)
rMut   .         Stasis   .     (no boots)
MR     .....                    (no amulet)
Stlth  ++........               m - ring of magical power
                                o - ring of magical power

@: repel missiles, not resistant to hostile enchantments, unstealthy
A: no striking features
a: Channel Energy, Renounce Religion


You were on level 6 of the Dungeon.
You worshipped Sif Muna.
Sif Muna was aware of your devotion.
You were not hungry.

You visited 2 branches of the dungeon, and saw 8 of its levels.
You also visited: Ossuary.

You collected 144 gold pieces.

Inventory:

Hand weapons
 f - a +1 dagger
 w - a +0 dagger of venom (weapon)
Armour
 a - a +0 robe (worn)
 b - a +1 hat (worn)
Jewellery
 i - an uncursed amulet of stasis
 m - a ring of magical power (right hand)
 n - an uncursed ring of protection from magic
 o - a ring of magical power (left hand)
Magical devices
 t - a wand of random effects (45)
Scrolls
 e - 2 scrolls of remove curse
 h - 2 scrolls of recharging
 k - 3 scrolls of teleportation
 s - a scroll of immolation
 v - 2 scrolls of amnesia
Potions
 l - 4 potions of ambrosia
 p - 5 potions of curing
 q - a potion of lignification
 r - a potion of mutation {unknown}
 u - a potion of haste {unknown}
 A - 3 potions of agility
 B - a potion of restore abilities {unknown}
 C - a potion of degeneration {unknown}
Books
 c - a book of Minor Magic

   Spells                             Type                      Level
   a - Magic Dart                     Conjuration                  1
   b - Blink                          Translocation                2
   c - Call Imp                       Summoning                    2
   d - Repel Missiles                 Charms/Air                   2
   e - Slow                           Hexes                        2
   f - Conjure Flame                  Conjuration/Fire             3
   g - Mephitic Cloud                 Conjuration/Poison/Air       3
Comestibles
 d - 3 bread rations
 g - a chunk of flesh
 j - 6 meat rations


   Skills:
 - Level 3.6 Fighting
 + Level 6.0 Dodging
 - Level 2.4 Stealth
 * Level 9.4 Spellcasting
 * Level 4.7 Conjurations
 * Level 2.6 Summonings
 - Level 2.4 Translocations
 * Level 1.8 Fire Magic
 * Level 1.9 Air Magic
 + Level 1.0 Poison Magic
 - Level 3.8 Evocations


You had 12 spell levels left.
You knew the following spells:

 Your Spells              Type           Power        Failure   Level  Hunger
a - Magic Dart            Conj           ####         1%          1    None
b - Conjure Flame         Conj/Fire      ####....     4%          3    None
c - Call Imp              Summ           ####....     2%          2    None
d - Blink                 Tloc           N/A          2%          2    None
e - Mephitic Cloud        Conj/Pois/Air  ####....     8%          3    None
f - Repel Missiles        Chrm/Air       ###...       6%          2    None


Dungeon Overview and Level Annotations

Branches:
Dungeon (7/15)             Temple (1/1) D:4

Altars:
Ashenzari
Dithmenos
Elyvilon
Fedhas
Gozag
Kikubaaqudgha
Makhleb
Qazlal
Ru
Sif Muna
Trog
Vehumet
Xom
Yredelemnul
Zin


Message History

Aim: a giant frog (moderately wounded, bewildered and confused)
The ball explodes into a vile cloud!
The stinking cloud engulfs the giant frog.
The giant frog is moderately wounded.
The stinking cloud engulfs the ogre.
The ogre is moderately wounded.
The giant frog is engulfed in noxious fumes.
The giant frog appears confused.
The ogre is engulfed in noxious fumes.
The ogre barely misses you.
You hit the ogre but do no damage.
The ogre is poisoned.
The ogre is heavily wounded.
The giant frog is engulfed in noxious fumes.
The giant frog appears confused.
The giant frog barely misses the ogre.
The big kobold is engulfed in noxious fumes.
The big kobold appears confused.
You completely miss the ogre.
The ogre is heavily wounded.
The ogre is engulfed in noxious fumes.
The ogre hits you with a giant club!!
Ouch! That really hurt!
You die...

#....#
##...####......
......###..)##
##...... #..o#...##
#....... #..>..##
#...##... ##..%.#
#...###...
##§K.####...# ##...
#§§...##...# ##...#
##§OF......#
##...## #..@......#
##...##
#..###...).###...##
#..# #....))....##
#..# ##........##
#..# #........#
#..# #.........#
#..# ##....###... .
#..## #....## ###.
..# ##...# ##...<##


You could see a big kobold (confused), an ogre, a giant frog (confused) and an
orc (confused).

Vanquished Creatures
  3 ogres
  A phantom (D:6)
  Sigmund (D:3)
  A wyvern zombie (Ossuary)
  A water moccasin zombie (Ossuary)
  A giant frog (D:6)
  3 crimson imps
  A goliath beetle (D:6)
  10 bog bodies (Ossuary)
  2 giant frog zombies (Ossuary)
  2 orc wizards
  3 hounds
  2 centaur zombies (Ossuary)
  A centaur skeleton (D:4)
  3 worker ants
  3 iguanas
  Ijyb (D:5)
  Jessica (D:3)
  A hound zombie (Ossuary)
  9 mummies (Ossuary)
  2 worker ant zombies (Ossuary)
  11 adders
  2 gnolls (D:2)
  A giant mite (D:2)
  2 worms
  A shadow imp (D:6)
  5 giant geckos
  13 orcs
  A ball python (D:4)
  7 bats
  2 bat zombies (Ossuary)
  12 hobgoblins
  6 jackals
  7 kobolds
  A quokka (D:3)
  4 giant cockroaches
  A giant gecko zombie (Ossuary)
  9 giant newts
  A giant spore (D:6)
  12 goblins
  A quokka skeleton (D:6)
  9 rats
  2 ballistomycetes (D:6)
162 creatures vanquished.

Vanquished Creatures (collateral kills)
  An adder (D:2)
  A gnoll (D:2)
2 creatures vanquished.

Vanquished Creatures (others)
  A white imp (D:3)
  A ballistomycete (D:6)
  8 plants (Ossuary)
10 creatures vanquished.

Grand Total: 174 creatures vanquished

Notes
Turn   | Place    | Note
--------------------------------------------------------------
     0 | D:1      | faibistes, the Deep Elf Wizard, began the quest for the Orb.
     0 | D:1      | Reached XP level 1. HP: 10/10 MP: 6/6
   328 | D:1      | Reached XP level 2. HP: 15/15 MP: 8/10
   332 | D:1      | Learned a level 2 spell: Blink
   335 | D:1      | Learned a level 2 spell: Call Imp
   552 | D:2      | Reached skill level 5 in Spellcasting
   868 | D:1      | Reached XP level 3. HP: 19/19 MP: 12/14
   873 | D:1      | Learned a level 3 spell: Conjure Flame
   877 | D:1      | Learned a level 3 spell: Mephitic Cloud
  1220 | D:2      | Found a basalt altar of Yredelemnul.
  1303 | D:2      | Reached XP level 4. HP: 18/24 MP: 10/17
  1315 | D:2      | Learned a level 2 spell: Repel Missiles
  1899 | D:2      | Found a bloodstained altar of Trog.
  1901 | D:2      | Found a radiant altar of Vehumet.
  2162 | D:3      | Noticed Sigmund
  2191 | D:3      | Noticed Jessica
  2218 | D:3      | Killed Sigmund
  2218 | D:3      | Reached skill level 6 in Spellcasting
  2218 | D:3      | Reached XP level 5. HP: 22/28 MP: 4/20
  2221 | D:3      | Killed Jessica
  3303 | D:4      | Reached XP level 6. HP: 12/32 MP: 10/22
  3887 | D:5      | Entered Level 5 of the Dungeon
  3990 | D:5      | Found a sand-covered staircase.
  4000 | Ossuary  | Entered an ossuary
  4053 | Ossuary  | Reached skill level 7 in Spellcasting
  4053 | Ossuary  | Reached skill level 1 in Evocations
  4072 | Ossuary  | Reached skill level 1 in Fighting
  4117 | Ossuary  | Reached XP level 7. HP: 35/38 MP: 25/25
  4550 | Ossuary  | Reached skill level 5 in Dodging
  4571 | Ossuary  | Reached skill level 8 in Spellcasting
  4974 | Ossuary  | Reached XP level 8. HP: 45/45 MP: 24/27
  5435 | D:5      | Noticed Ijyb
  5458 | D:5      | Killed Ijyb
  5829 | D:6      | Reached skill level 9 in Spellcasting
  5926 | D:4      | Found a staircase to the Ecumenical Temple.
  5943 | Temple   | Entered the Ecumenical Temple
  5973 | Temple   | Became a worshipper of Sif Muna the Loreminder
  6532 | D:4      | Noticed an ogre
  6544 | D:4      | Killed an ogre
  6544 | D:4      | Reached skill level 1 in Fire Magic
  6544 | D:4      | Reached skill level 1 in Air Magic
  6760 | D:5      | Found an opulent altar of Gozag.
  7383 | D:6      | Acquired Sif Muna's first power
  7383 | D:6      | Reached skill level 1 in Poison Magic
  7449 | D:6      | Slain by an ogre

Action                   |  1- 3 |  4- 6 |  7- 9 || total
-------------------------+-------+-------+-------++-------
Melee: Unarmed           |     4 |       |       ||     4
       Dagger            |       |    23 |    50 ||    73
 Cast: Magic Dart        |    70 |   118 |   321 ||   509
       Call Imp          |     3 |     3 |       ||     6
       Mephitic Cloud    |       |     5 |    16 ||    21
       Repel Missiles    |       |     1 |     1 ||     2
       Conjure Flame     |       |     8 |    10 ||    18
       Blink             |       |     1 |    19 ||    20
Evoke: Wand              |       |       |     1 ||     1
  Use: Scroll            |       |    12 |     8 ||    20
       Potion            |       |       |     1 ||     1
 Stab: Confused          |       |     3 |       ||     3
  Eat: Chunk             |     1 |     9 |     4 ||    14
       Fruit             |       |       |     2 ||     2
       Bread ration      |       |       |     1 ||     1
